 Dungeon Crawl Stone Soup version 0.31-a0-750-gfe7b580527 (webtiles) character file.

Game seed: 5302694052324224335

89989 randomguy2701 the Severer (level 15, 0/115 (123) HPs)
             Began as a Hill Orc Fighter on Sept 15, 2023.
             Was the Champion of Beogh.
             Killed from afar by an eleionoma (27 damage)
             ... with a spray of wooden splinters
             ... on level 2 of the Swamp.
             The game lasted 01:10:09 (25751 turns).

randomguy2701 the Severer (Hill Orc Fighter)       Turns: 25751, Time: 01:10:10

HP:   0/115 (123)   AC: 24    Str: 25    XL:     15   Next: 99%
MP:   23/25         EV:  7    Int:  6    God:    Beogh [******]
Gold: 1113          SH: 18    Dex: 21    Spells: 14/14 levels left

rFire   x . .        a - +1 hand axe (flame)
rCold   + + .        Z - +0 tower shield {rC+}
rNeg    . . .        j - +3 plate armour {rC+}
rPois   +            X - +0 helmet of Intuition {Harm rF- Regen+ SInv}
rElec   .            F - +0 cloak
rCorr   .            Q - +0 pair of fencer's gloves {Riposte Dex+3}
SInv    +            (no boots)
Will    +....        w - amulet of faith
Stlth   x              - ring of poison resistance
HPRegen 1.19/turn    V - +6 ring of dexterity
MPRegen 0.19/turn

%: harm (+30% outgoing, +20% incoming), faith
@: drained
A: walk on water, dopey 1, frail 1
a: Renounce Religion, Smiting, Recall Orcish Followers, Give Item to Named
Follower, Resurrection


You were on level 2 of the Swamp.
You worshipped Beogh.
Beogh was exalted by your worship.
You visited 5 branches of the dungeon, and saw 23 of its levels.
You visited 1 bazaar.
You also visited: Bailey and Ice Cave.

You collected 2443 gold pieces.
You spent 1330 gold pieces at shops.

Inventory:

Hand Weapons
 a - a +1 hand axe of flaming (weapon)
 c - a +0 glaive of protection
 C - a +4 hand axe
 M - the +2 halberd of Internal Strife {protect, Int+2}
   (You bought it in a shop in a bazaar)

   Int+2:     It affects your intelligence (+2).
Armour
 h - a +2 cloak
 j - a +3 plate armour of cold resistance (worn)
 F - a +0 cloak (worn)
 Q - the +0 pair of fencer's gloves (worn) {Riposte Dex+3}
   (You bought it in a shop on level 3 of the Dungeon)

   Riposte:   It allows the wearer to riposte with melee weapons, swiftly
   retaliating against missed or blocked melee attacks.
   Dex+3:     It affects your dexterity (+3).
 X - the +0 helmet of Intuition (worn) {Harm rF- Regen+ SInv}
   (You found it on level 4 of the Lair of Beasts)

   rF-:       It makes you vulnerable to fire.
   SInv:      It lets you see invisible.
   Regen+:    It increases your rate of health regeneration.
   Harm:      It increases damage dealt and taken.
 Z - a +0 tower shield of cold resistance (worn)
Jewellery
 g - a +6 ring of strength
 p - a +6 ring of intelligence
 w - an amulet of faith (around neck)
 x - a ring of poison resistance (left hand)
 B - a ring of resist corrosion
 E - a ring of fire
 G - an amulet of guardian spirit
 I - the ring "Bokaten" {rC+ Str+2 Int+6}
   (You found it in an ice cave)

   [ring of protection from cold]

   Str+2:     It affects your strength (+2).
   Int+6:     It affects your intelligence (+6).
   rC+:       It protects you from cold.
 P - the amulet "Irexzaf" {RegenMP rPois Will+ Dex-3}
   (You found it on level 1 of the Lair of Beasts)

   [amulet of magic regeneration]

   RegenMP:   It increases your rate of magic regeneration.
   Dex-3:     It affects your dexterity (-3).
   rPois:     It protects you from poison Will+: It increases your willpower.
 V - a +6 ring of dexterity (right hand)
Wands
 s - a wand of polymorph (4)
 N - a wand of iceblast (10)
 O - a wand of quicksilver (6)
 R - a wand of flame (14)
 T - a wand of mindburst (19)
 U - a wand of paralysis (13)
Scrolls
 e - 9 scrolls of teleportation
 k - 5 scrolls of amnesia
 l - 8 scrolls of enchant weapon
 o - 3 scrolls of torment
 t - 5 scrolls of poison
 u - 5 scrolls of fog
 y - 2 scrolls of fear {unknown}
 z - 4 scrolls of enchant armour
 A - 3 scrolls of blinking
 J - a scroll of summoning {unknown}
 K - a scroll of revelation {unknown}
 L - a scroll of acquirement {unknown}
 S - a scroll of silence {unknown}
 W - 3 scrolls of immolation
 Y - 2 scrolls of noise
Potions
 b - 4 potions of haste
 d - 7 potions of might
 f - 2 potions of attraction
 i - a potion of resistance
 m - 3 potions of brilliance
 n - 12 potions of curing
 q - 7 potions of heal wounds
 r - 2 potions of berserk rage
 v - 2 potions of invisibility
 D - 2 potions of lignification
 H - a potion of mutation


   Skills:
 + Level 13.7 Fighting
 + Level 17.2 Axes
 + Level 15.0 Armour
 + Level 2.5 Dodging
 + Level 5.0 Stealth
 + Level 10.6 Shields
 * Level 14.5 Invocations


You had 14 spell levels left.
You didn't know any spells.
Your spell library contained the following spells:

 Spells                   Type           Power      Damage    Failure   Level
 Magic Dart               Conj           0%         1d3       100%        1
 Summon Small Mammal      Summ           0%         N/A       100%        1
 Call Imp                 Summ           0%         N/A       100%        2
 Ensorcelled Hibernation  Hex/Ice        0%         N/A       100%        2
 Jinxbite                 Hex            0%         N/A       100%        2
 Passwall                 Tmut/Erth      0%         N/A       100%        2
 Scorch                   Fire           0%         2d5       100%        2
 Call Canine Familiar     Summ           0%         N/A       100%        3
 Hailstorm                Conj/Ice       0%         3d3       100%        3
 Mephitic Cloud           Conj/Pois/Air  0%         N/A       100%        3
 Sigil of Binding         Hex            0%         N/A       100%        3
 Summon Guardian Golem    Hex/Summ       0%         N/A       100%        3
 Swiftness                Air            0%         N/A       100%        3
 Volatile Blastmotes      Fire/Tloc      0%         2d10      100%        3
 Anguish                  Hex/Necr       0%         N/A       100%        4
 Animate Dead             Necr           0%         N/A       100%        4
 Dimensional Bullseye     Hex/Tloc       0%         N/A       100%        4
 Flame Wave               Conj/Fire      0%         2d4       100%        4
 Fulminant Prism          Conj/Hex       0%         3d5       100%        4
 Iskenderun's Mystic Bla  Conj/Tloc      0%         2d3       100%        4
 Leda's Liquefaction      Hex/Erth       0%         N/A       100%        4
 Summon Ice Beast         Ice/Summ       0%         N/A       100%        4
 Simulacrum               Ice/Necr       0%         N/A       100%        6
 Summon Cactus Giant      Summ           0%         N/A       100%        6


Dungeon Overview and Level Annotations

Branches:
Dungeon (13/15)            Temple (0/1) D:6            Lair (5/5) D:8
  Swamp (2/4) Lair:2       Spider (1/4) Lair:3        Slime (0/5) Lair:5
    Orc (2/2) D:10            Elf (0/3) Orc:2        Vaults (0/5) D:13
 Bailey (visited)           IceCv (visited)

Altars:
Dithmenos
Hepliaklqana
Makhleb
Ru
Uskayaw
Zin
The Shining One
Beogh

Shops:
D:1 ?   D:3 *?(   D:5 [   Orc:2 =:*[

Annotations:
D:12 1 runed translucent door
Swamp:2 1 transporter, Aneyh's ghost, journeyman TeMo


Innate Abilities, Weirdness & Mutations

You can walk on water.
You are dopey. (Int -2)
You are frail. (-10% HP)


Message History

The spectral fenstrider witch hits you.
You feel drained.
You block the spectral fenstrider witch's attack.
You block the ghost crab's attack. The ghost crab closely misses you.
The spectral spriggan berserker hits you.
* * * LOW HITPOINT WARNING * * *
You feel drained.
The alligator is engulfed in spectral mist.
Aiming: Smiting
Press: ? - help, Dir - move target, f - ghost crab Smite: a ghost crab (almost destroyed)
You smite the ghost crab!!
You destroy the ghost crab!
Beogh accepts your kill.
The spectral seven-headed hydra fades away!
The spectral spriggan berserker fades away! x2
The spectral fenstrider witch fades away!
The bunyip is engulfed in spectral mist. x2
The eleionoma is engulfed in spectral mist.
You are engulfed in spectral mist.
* * * LOW HITPOINT WARNING * * *
The eleionoma is engulfed in spectral mist.
The alligator is engulfed in spectral mist.
The bunyip is engulfed in spectral mist.
The bunyip howls a warning cry!
You hear a chilling moan.
You hear a shout!
The bunyip is engulfed in spectral mist.
The eleionoma flows through the trees.
You block the eleionoma's attack.
You riposte.
You hit the eleionoma. You burn the eleionoma.
The eleionoma is heavily wounded.
You hit the alligator. You burn the alligator.
The alligator attacks as it pursues you!
The alligator barely misses you.
You riposte.
You hit the alligator. You burn the alligator.
The alligator is heavily wounded.
You closely miss the eleionoma. The alligator tail-slaps you.
* * * LOW HITPOINT WARNING * * *
The eleionoma hurls a spray of splinters at you.
The spray of wooden splinters hits you!!
You die...

♣...........~♣♣
♣..###.....♣♣♣~♣
♣. #####..~..♣
~. .....##..~.♣♣
. ..#...w##.~~~♣
#.#...#..©#..~♣♣
# ? .##w.##...♣
# ...# #©...♣
#.. ##@.~♣ [.©
#tR~♣ .#.. #.♣♣♣
...# ##x♣
#.wD#..♣
#.#wxD#.#♣
..ywWw#.#
#..w###†# ##
#°..♣


You could see a bunyip, an eleionoma and an alligator.

Vanquished Creatures
  2 azure jellies (IceCv)
  An orc warlord (Bailey)
  A quicksilver ooze (IceCv)
  Erolcha (D:11)
  A ghost crab (Swamp:2)
  3 hydras
  An alligator (Swamp:1)
  A centaur warrior (D:13)
  2 two-headed ogres (D:8)
  2 orc high priests (Orc:2)
  Sonja (Lair:1)
  A goliath frog (Swamp:1)
  A swamp dragon (Lair:2)
  2 deep elf pyromancers (D:10)
  4 elephants (Lair:5)
  3 black mambas
  An ice statue (IceCv)
  2 cane toads
  A kobold demonologist (D:12)
  3 komodo dragons
  A rime drake (Lair:5)
  An ice devil (Orc:2)
  7 trolls
  6 polar bears
  Grinder (D:3)
  3 hornets
  7 dream sheep
  5 blink frogs
  Sigmund (D:3)
  2 shadows
  11 slime creatures (IceCv)
  4 spriggans
  2 wraiths
  4 wyverns
  22 yaks
  2 steam dragons
  2 basilisks
  A vampire mosquito (Lair:1)
  Menkaure (D:7)
  8 wargs
  Edmund (D:4)
  4 swamp worms
  5 hell hounds (Lair:5)
  2 acid dragons (Lair:5)
  10 water moccasins
  6 swamp drakes
  2 ice beasts
  8 orc warriors
  11 black bears
  6 great orb of eyes simulacra (IceCv)
  20 wolves
  6 centaurs
  3 slime creature simulacra (IceCv)
  4 ogres
  3 phantoms
  A kobold brigand (D:6)
  7 bullfrogs
  5 glowing shapeshifter simulacra (IceCv)
  4 scorpions
  8 wights
  A killer bee (D:6)
  2 howler monkeys
  A crimson imp (D:10)
  2 bullfrog zombies (D:5)
  A centaur zombie (D:5)
  4 hounds
  2 quasits (D:4)
  A jelly (D:9)
  8 orc priests
  A gnoll bouda (D:6)
  Crazy Yiuf (D:3)
  An iron imp (D:10)
  A sleepcap (D:4)
  8 iguanas
  9 orc wizards
  Terence (D:2)
  2 shapeshifter simulacra (IceCv)
  Natasha (thrice) (D:2)
  3 hell rats (Lair:4)
  A killer bee zombie (D:5)
  A hound skeleton (D:5)
  13 gnolls
  8 adders
  6 shadow imps
  3 white imps
  7 ufetubi (D:4)
  2 worms
  A dart slug (D:1)
  13 orcs
  6 ball pythons
  17 endoplasms
  5 giant cockroaches
  15 goblins
  17 hobgoblins
  5 jackals
  7 kobolds
  5 quokkas
  8 bats
  3 frilled lizards (D:1)
  11 rats
447 creatures vanquished.

Vanquished Creatures (collateral kills)
  Nessos (Orc:2)
  3 bunyips (Lair:2)
  Snorg (Orc:2)
  An entropy weaver (D:13)
  A fire dragon (Lair:5)
  Harold (D:9)
  3 hydras (Lair:5)
  A vault guard (D:13)
  An orc high priest (Orc:2)
  Urug (Lair:1)
  3 two-headed ogres
  The ghost of Iich the Blocker, a novice MiFi of Okawaru (D:7)
  A skyshark (Lair:5)
  A bog body (Lair:2)
  A spriggan druid (Lair:2)
  3 swamp dragons
  An orc sorcerer (Orc:2)
  A cyclops (D:12)
  5 elephants (Lair:5)
  3 black mambas
  A gargoyle (D:11)
  Joseph (Lair:1)
  A torpor snail (Lair:3)
  Psyche (D:12)
  A rime drake (Lair:3)
  2 cane toads
  4 komodo dragons
  An ice devil (Orc:2)
  6 polar bears
  A hornet (D:9)
  12 blink frogs
  5 dream sheep
  A slime creature (D:9)
  2 wyverns
  A basilisk (Lair:1)
  17 yaks
  Grum (Lair:1)
  A steam dragon (Lair:5)
  A vampire mosquito (Lair:1)
  3 acid dragons
  12 hell hounds (Lair:5)
  9 water moccasins
  2 orc warriors
  6 black bears
  5 ogres
  23 wolves
  4 centaurs
  6 bullfrogs
  A scorpion (D:8)
  3 wights
  2 killer bees (D:11)
  4 jellies (D:9)
  7 orc priests (Orc:2)
  2 iguanas (Lair:5)
  8 orc wizards
  4 hell rats (Lair:4)
  17 orcs
  6 endoplasms (D:9)
  A goblin (Bailey)
  2 hobgoblins (Bailey)
221 creatures vanquished.

Vanquished Creatures (others)
  An alligator (Swamp:2)
  An orc high priest (Orc:2)
  An orc knight (D:11)
  A bloated husk (Swamp:1)
  A hornet (Swamp:1)
  6 orc wizards
  4 orc warriors
  2 killer bees (D:11)
  17 orc priests
  An iguana (Lair:5)
  44 orcs
79 creatures vanquished.

Grand Total: 747 creatures vanquished

Notes
Turn   | Place    | Note
-------+----------+-------------------------------------------
     0 | D:1      | randomguy2701 the Hill Orc Fighter began the quest for the
                  | Orb.
     0 | D:1      | Reached XP level 1. HP: 19/19 MP: 1/1
    75 | D:1      | Reached XP level 2. HP: 11/27 MP: 2/2
    77 | D:1      | Reached skill level 3 in Axes
   473 | D:1      | Reached XP level 3. HP: 33/33 MP: 3/3
   633 | D:1      | Found Jopez's Magic Scroll Boutique.
   986 | D:2      | Noticed Natasha
   995 | D:2      | Killed Natasha
   996 | D:2      | Reached skill level 4 in Axes
   996 | D:2      | Reached XP level 4. HP: 30/40 MP: 4/4
  1335 | D:2      | Found a faded altar of an unknown god.
  1335 | D:2      | Noticed Natasha
  1347 | D:2      | Killed Natasha
  1348 | D:2      | Reached XP level 5. HP: 37/46 MP: 5/5
  1558 | D:2      | Noticed Natasha
  1566 | D:2      | Killed Natasha
  1620 | D:2      | Noticed Terence
  1630 | D:2      | Killed Terence
  1631 | D:2      | Reached skill level 5 in Axes
  1762 | D:3      | Found Ikets's General Store.
  1768 | D:3      | Noticed Grinder
  1781 | D:3      | Killed Grinder
  1782 | D:3      | Reached skill level 6 in Axes
  1782 | D:3      | Reached skill level 5 in Armour
  1782 | D:3      | Reached XP level 6. HP: 50/53 MP: 6/6
  1809 | D:3      | Noticed Sigmund
  1828 | D:3      | Killed Sigmund
  1829 | D:3      | Reached skill level 7 in Axes
  1829 | D:3      | Reached XP level 7. HP: 55/60 MP: 7/7
  1895 | D:3      | Became a worshipper of Beogh the Brigand
  1918 | D:3      | Found Eschukh's Magic Scroll Emporium.
  1960 | D:3      | Found Moset's Antique Weapon Shoppe.
  2201 | D:3      | Reached skill level 5 in Fighting
  2220 | D:3      | Found a runed translucent door.
  2221 | D:3      | Noticed Crazy Yiuf
  2581 | D:4      | Reached * piety under Beogh
  2741 | D:4      | Reached skill level 8 in Axes
  2741 | D:4      | Reached XP level 8. HP: 37/68 MP: 8/8
  3049 | D:4      | Noticed Edmund
  3059 | D:4      | Killed Edmund
  3060 | D:4      | Reached skill level 9 in Axes
  3532 | D:5      | Entered Level 5 of the Dungeon
  3827 | D:5      | Found a hazy altar of Hepliaklqana.
  3854 | D:5      | Found a shadowy altar of Dithmenos.
  3883 | D:5      | Found a burning altar of Makhleb.
  4099 | D:5      | Reached skill level 5 in Shields
  4141 | D:5      | Reached skill level 10 in Axes
  4145 | D:5      | Found Ogotsahy's Armour Boutique.
  4157 | D:5      | Reached ** piety under Beogh
  4465 | D:5      | Reached XP level 9. HP: 75/75 MP: 9/9
  4497 | D:5      | Reached skill level 11 in Axes
  4497 | D:5      | Reached skill level 1 in Dodging
  4754 | D:6      | Reached skill level 1 in Invocations
  5674 | D:6      | Reached skill level 12 in Axes
  5783 | D:6      | Found a staircase to the Ecumenical Temple.
  5977 | D:7      | Found a transporter.
  5977 | D:7      | Noticed Iich's ghost (novice MiFi)
  5978 | D:7      | Noticed a two-headed ogre
  5982 | D:7      | Found a transporter.
  6084 | D:7      | Reached XP level 10. HP: 86/86 MP: 11/13
  6105 | D:7      | Noticed Menkaure
  6111 | D:7      | Killed Menkaure
  6111 | D:7      | Reached *** piety under Beogh
  6554 | D:7      | Found a sacrificial altar of Ru.
  6831 | D:8      | Noticed a two-headed ogre
  6844 | D:8      | Killed a two-headed ogre
  6845 | D:8      | Reached skill level 13 in Axes
  6845 | D:8      | Reached skill level 5 in Invocations
  6849 | D:8      | Reached skill level 1 in Stealth
  7066 | D:8      | Noticed a two-headed ogre
  7073 | D:8      | Killed a two-headed ogre
  7136 | D:8      | Found a staircase to the Lair.
  7733 | D:9      | Paralysed by a hornet for 3 turns
  7739 | D:9      | Reached XP level 11. HP: 72/95 MP: 15/15
  7783 | D:9      | Found a glowing silver altar of Zin.
  7790 | D:9      | Noticed Harold
  7798 | D:9      | Killed Harold
  7896 | D:9      | Found a flagged portal.
  7906 | Bailey   | Entered a bailey
  7941 | Bailey   | Reached skill level 14 in Axes
  8321 | Bailey   | Noticed an orc warlord
  8333 | Bailey   | Killed an orc warlord
  8433 | Bailey   | Found the +5 demon whip "Spellbinder" {antimagic, disrupt,
                  | Will+}
  8506 | D:9      | Noticed a two-headed ogre
  8513 | D:9      | Killed a two-headed ogre
  8917 | D:9      | Found a hide-covered altar of Uskayaw.
  8959 | D:9      | Found a glowing golden altar of the Shining One.
  9138 | D:10     | Entered Level 10 of the Dungeon
  9213 | Lair:1   | Entered Level 1 of the Lair of Beasts
  9404 | Lair:1   | Reached skill level 10 in Armour
  9541 | Lair:1   | Identified the amulet "Irexzaf" {RegenMP rPois Will+ Dex-3}
  9575 | Lair:1   | Reached **** piety under Beogh
  9591 | Lair:1   | Gained Norbak as an ally
  9606 | Lair:1   | Noticed Grum
  9628 | Lair:1   | Killed Grum
  9851 | Lair:1   | Noticed Sonja
  9876 | Lair:1   | Killed Sonja
  9927 | Lair:1   | Noticed Urug
  9935 | Lair:1   | Killed Urug
  9936 | Lair:1   | Reached XP level 12. HP: 49/105 MP: 18/18
 10097 | Lair:1   | Noticed Joseph
 10106 | Lair:1   | Killed Joseph
 10163 | Lair:1   | Reached skill level 10 in Fighting
 10877 | D:3      | Bought the +0 pair of fencer's gloves {Riposte Dex+3} for
                  | 440 gold pieces
 10877 | D:3      | Found the +0 pair of fencer's gloves {Riposte Dex+3}
 11130 | Lair:2   | Reached ***** piety under Beogh
 11145 | Lair:2   | Found a staircase to the Swamp.
 12291 | Lair:3   | Found a hole to the Spider Nest.
 12385 | Lair:3   | Reached skill level 10 in Invocations
 12768 | Lair:4   | Reached skill level 15 in Axes
 13222 | Lair:4   | Identified the +0 helmet of Intuition {Harm rF- Regen+
                  | SInv}
 13587 | Lair:5   | Entered Level 5 of the Lair of Beasts
 13587 | Lair:5   | Noticed a skyshark
 13595 | Lair:5   | Killed a skyshark
 13635 | Lair:5   | Noticed a four-headed hydra
 13642 | Lair:5   | Killed a one-headed hydra
 13650 | Lair:5   | Noticed a four-headed hydra
 13656 | Lair:5   | Killed a one-headed hydra
 13684 | Lair:5   | Noticed an eight-headed hydra
 13690 | Lair:5   | Killed a five-headed hydra
 13691 | Lair:5   | Reached XP level 13. HP: 82/116 MP: 21/21
 13850 | Lair:5   | Reached ****** piety under Beogh
 14006 | Lair:5   | Found a staircase to the Slime Pits.
 14393 | Lair:5   | Noticed a fire dragon
 14410 | Lair:5   | Killed a fire dragon
 14669 | Lair:5   | Reached skill level 16 in Axes
 15118 | Lair:5   | Got the Spellbook of Weather and Unholy Arts
 15583 | D:3      | Bought a scroll of immolation for 40 gold pieces
 15583 | D:3      | Bought a scroll of identify for 20 gold pieces
 15583 | D:3      | Bought a scroll of identify for 20 gold pieces
 15583 | D:3      | Bought a scroll of identify for 20 gold pieces
 16770 | D:10     | Found a staircase to the Orcish Mines.
 17664 | D:10     | Reached XP level 14. HP: 127/127 MP: 23/23
 18104 | D:3      | Bought a glowing war axe for 123 gold pieces
 18551 | Orc:1    | Entered Level 1 of the Orcish Mines
 19007 | Orc:2    | Entered Level 2 of the Orcish Mines
 19010 | Orc:2    | Found a staircase to the Elven Halls.
 19031 | Orc:2    | Noticed Snorg
 19039 | Orc:2    | Killed Snorg
 19065 | Orc:2    | Found a frozen archway.
 19093 | IceCv    | Entered an ice cave
 19379 | IceCv    | Noticed a quicksilver ooze
 19386 | IceCv    | Killed a quicksilver ooze
 19512 | IceCv    | Noticed an azure jelly
 19514 | IceCv    | Found a viscous altar of Jiyva.
 19514 | IceCv    | Noticed an azure jelly
 19522 | IceCv    | Killed an azure jelly
 19525 | IceCv    | Killed an azure jelly
 19611 | IceCv    | Got the ring "Bokaten" {rC+ Str+2 Int+6}
 19794 | Orc:2    | Found Zuanu's Jewellery Boutique.
 19794 | Orc:2    | Found Qecek's Book Emporium.
 19805 | Orc:2    | Gained mutation: You are dopey. (Int -2) [a neqoxec]
 19806 | Orc:2    | Gained mutation: You are frail. (-10% HP) [a neqoxec]
 20108 | Orc:2    | Found a roughly hewn altar of Beogh.
 20207 | Orc:2    | Found Rajuog's Assorted Antiques.
 20218 | Orc:2    | Found Neacza Udwe's Armour Emporium.
 20345 | Orc:2    | Noticed Nessos
 20350 | Orc:2    | Killed Nessos
 20801 | D:11     | Noticed Erolcha
 20814 | D:11     | Killed Erolcha
 20966 | D:11     | You fall into a shaft and drop 1 floor!
 20980 | D:12     | Noticed Psyche
 20988 | D:12     | Killed Psyche
 21159 | D:11     | Identified the +6 spear of Plunder {venom, Dex+3}
 21266 | D:11     | Found a flickering gateway to a bazaar.
 21277 | Bazaar   | Entered a bazaar
 21277 | Bazaar   | Found Suifyoci's Antique Weapon Shop.
 21277 | Bazaar   | Found Ymodghehayte's Distillery.
 21277 | Bazaar   | Found Okhless's Assorted Antiques.
 21282 | Bazaar   | Found Bufeafop's Antique Weapon Shoppe.
 21282 | Bazaar   | Found Raunewip's Distillery.
 21330 | Bazaar   | Bought a potion of berserk rage for 80 gold pieces
 21344 | Bazaar   | Bought a scroll labelled IRIAST NAUROFF for 37 gold pieces
 21344 | Bazaar   | Reached skill level 17 in Axes
 21344 | Bazaar   | Reached skill level 10 in Shields
 21345 | Bazaar   | Reached XP level 15. HP: 122/122 MP: 23/25
 21353 | Bazaar   | Bought a glowing glaive for 370 gold pieces
 21390 | Bazaar   | Bought a steaming halberd for 180 gold pieces
 21390 | Bazaar   | Identified the +2 halberd of Internal Strife {protect,
                  | Int+2} (You bought it in a shop in a bazaar)
 21689 | D:11     | Found the +18 Lear's hauberk
 21961 | D:12     | Found a runed translucent door.
 21963 | D:12     | Noticed a sphinx
 21963 | D:12     | Noticed a tengu reaver
 22477 | D:13     | Identified the +8 dagger of the Establishment {antimagic,
                  | rPois rC- Will+++ Int-4}
 22656 | D:13     | Found a gate to the Vaults.
 23162 | Swamp:1  | Entered Level 1 of the Swamp
 23192 | Lair:2   | HP: 6/122 [bunyip (15)]
 23438 | Spider:1 | Entered Level 1 of the Spider Nest
 23828 | D:3      | Killed Crazy Yiuf
 24021 | D:7      | Killed Iich's ghost
 24706 | Swamp:1  | Reached skill level 5 in Stealth
 25421 | Swamp:1  | Reached skill level 15 in Armour
 25708 | Swamp:2  | Found a transporter.
 25720 | Swamp:2  | Noticed Aneyh's ghost (journeyman TeMo)
 25751 | Swamp:2  | Killed from afar by an eleionoma

Illustrated notes

Levels and vault maps discovered:
D:1:      erik_arrival_cave_to_civilisation [erik_arrival_cave_to_hall],
          layout_loops_ring, serial_shops, nicolae_square_shop
D:2:      layout_loops_ring, hellmonk_ecumenical_altar_arch_garden,
          uniq_terence, uniq_natasha
D:3:      layout_loops_cross, serial_shops, nicolae_shop_behind_doors,
          shop_fountains, shop, uniq_sigmund, uniq_crazy_yiuf_cottage,
          uniq_grinder
D:4:      layout_loops_cross, serial_demonic, serial_demonic_a,
          serial_demonic_b, serial_demonic_b, serial_demonic_b,
          serial_demonic_a, serial_demonic_f, serial_demonic_d, uniq_edmund
D:5:      minmay_diamond_boxcup, layout_loops_corners, kennysheep_mini,
          mainiacjoe_overflow_big_doors, serial_undead, serial_undead_c,
          serial_undead_b, serial_undead_b, serial_undead_b, serial_shops,
          kennysheep_mini_moat
D:6:      minmay_chambers_of_fours, layout_gridville,
          minmay_temple_entry_drinking_statues, grunt_decor_mini_mirrors
D:7:      layout_loops_ring, nicolae_ru_path_of_blood, gammafunk_ghost_smash,
          uniq_menkaure
D:8:      layout_basic, due_lair_maze_entry_diamond
D:9:      lemuel_slime, layout_cave_pools, nicolae_tso_carved_into_rock,
          zin_academy, nicolae_overflow_crystal_walls, enter_bailey_2,
          uniq_harold
D:10:     layout_small_grid, david_orc_4, hangedman_minor_magic
D:11:     layout_gridville, serial_shops, freezing_bzr, uniq_erolcha
D:12:     minmay_gate_of_8, layout_basic, uniq_psyche
D:13:     layout_irregular_city, hellmonk_vaults_order_and_chaos,
          serial_column_ruins, column_ruins_circle_medium,
          column_ruins_columns_corner, column_ruins_grid_1, column_ruins_grid_1,
          column_ruins_grid_1, column_ruins_corridor_straight,
          column_ruins_open_tiny, column_ruins_grid_3
Lair:1:   layout_gridlike, pond, grunt_megastairs_3, uniq_sonja, uniq_joseph,
          uniq_grum, uniq_urug
Lair:2:   layout_cave_pods, swamp_mist, columned_hall_lemuel
Lair:3:   layout_gridlike, spider_nest_entry_web_field
Lair:4:   layout_big_grid, grunt_megastairs_5
Lair:5:   guppyfry_lair_end_dragon, layout_regular_city,
          hangedman_lair_caniforms_friends, dpeg_slime_entry_enclosed,
          serial_forest, infiniplex_forest_join, infiniplex_forest_lined_3,
          infiniplex_forest_zigzag_1, infiniplex_forest_lined_3,
          infiniplex_forest_split, infiniplex_forest_straight_1,
          infiniplex_forest_diagonal, infiniplex_forest_corner_2,
          infiniplex_forest_clump_cross, infiniplex_forest_end_1,
          lemuel_fruit_fields
Swamp:1:  layout_basic_swamp, evilmike_swamp_ruin_rubble_1, swamp_pool5
Swamp:2:  layout_basic_swamp, gammafunk_ghost_berserking_beasts,
          evilmike_swamp_ruin_house_5, swamp_pool1
Spider:1: layout_cave_pods
Orc:1:    layout_caves
Orc:2:    st_orc_town, layout_diamond_mine, portal_ice_cave_demonic_guard,
          uniq_nessos, uniq_snorg

Skill      XL: |  1  2  3  4  5  6  7  8  9 10 11 12 13 14 15 |
---------------+----------------------------------------------+-----
Axes           | 3 4 6 7 8 10 12 13 14 15 16 17 | 17.2
Fighting       | 4 5 6 7 8 9 11 12 13 | 13.7
Armour         | 4 5 7 8 9 10 12 13 14 15 | 15.0
Shields        | 4 5 6 7 9 10 | 10.6
Dodging        | 1 2 |  2.5
Invocations    | 4 6 8 10 12 13 14 | 14.5
Stealth        | 2 3 4 5 |  5.0

Action                     |  1- 3 |  4- 6 |  7- 9 | 10-12 | 13-15 || total
---------------------------+-------+-------+-------+-------+-------++-------
  Melee: War axe           |    89 |   136 |   484 |    43 |       ||   752
         Hand axe          |       |       |       |   532 |   794 ||  1326
         Unarmed           |       |       |       |       |     2 ||     2
 Invoke: Convert to Beogh  |       |       |     1 |       |       ||     1
         Smiting           |       |       |       |     8 |     1 ||     9
         Recall Orcish Fol |       |       |       |     1 |    28 ||    29
    Use: Scroll            |       |       |       |    10 |    10 ||    20
         Potion            |       |       |       |       |     2 ||     2
   Stab: Distracted        |       |       |       |     8 |    18 ||    26
         Confused          |       |       |       |     1 |     3 ||     4
 Armour: Scale mail        |    47 |       |       |       |       ||    47
         Plate armour      |    13 |   128 |   483 |   473 |   701 ||  1798
         Skin              |       |       |       |       |     3 ||     3
  Dodge: Dodged            |    52 |    33 |   125 |   150 |   197 ||   557
  Block: Buckler           |    19 |    27 |   113 |   134 |   128 ||   421
         Tower shield      |       |       |       |       |   335 ||   335
Riposte: Hand axe          |       |       |       |    23 |   177 ||   200

Table legend: (Time is in decaauts)
 A = Elapsed time spent in this place.
 B = Non-inter-level travel time spent in this place.
 C = Inter-level travel time spent in this place.
 D = Time resting spent in this place.
 E = Time spent auto-exploring this place.
 F = Levels seen in this place.
 G = Mean time per level.
                   A        B        C        D        E       F      G
               +--------+--------+--------+--------+--------+-----+--------+
         Total |  25483 |  21775 |   3708 |   2557 |  14424 |  26 |  980.1 |
       Dungeon |  14486 |  11997 |   2489 |   1251 |   8323 |  13 | 1114.3 |
          Lair |   7649 |   6471 |   1178 |    907 |   4446 |   5 | 1529.8 |
         Swamp |    683 |    670 |     13 |     58 |    368 |   2 |  341.5 |
   Spider Nest |      1 |      1 |      0 |      0 |      0 |   1 |    1.0 |
  Orcish Mines |   1408 |   1382 |     26 |    250 |    692 |   2 |  704.0 |
        Bazaar |    122 |    122 |      0 |      0 |     35 |   1 |  122.0 |
        Bailey |    540 |    540 |      0 |      0 |    405 |   1 |  540.0 |
      Ice Cave |    589 |    589 |      0 |     91 |    154 |   1 |  589.0 |
               +--------+--------+--------+--------+--------+-----+--------+

Top non-repeatable levels by time:
  Lair:5: 2056 daAuts
  Lair:2: 1879 daAuts
    D:10: 1855 daAuts
  Lair:1: 1713 daAuts
     D:7: 1537 daAuts
     D:5: 1502 daAuts
     D:3: 1201 daAuts
     D:4: 1150 daAuts
     D:9: 1133 daAuts
     D:6: 1092 daAuts
  Lair:3: 1068 daAuts
     D:8: 1063 daAuts
     D:1: 991 daAuts
   Orc:2: 953 daAuts
  Lair:4: 931 daAuts
